 Dungeon Crawl Stone Soup version 0.29.0-15-g675c0067aa (webtiles) character file.

Game seed: 7635092596328329060

10 qw the Sneak (level 2, -1/19 HPs)
             Began as a Gargoyle Delver on Sept 11, 2022.
             Slain by a black bear (3 damage)
             ... on level 4 of the Dungeon.
             The game lasted 00:00:05 (138 turns).

qw the Sneak (Gargoyle Delver)                       Turns: 138, Time: 00:00:06

Health: -1/19      AC:  5    Str: 15    XL:     2   Next: 20%
Magic:  2/2        EV: 11    Int: 10    God:
Gold:   0          SH:  0    Dex: 11    Spells: 1/1 levels left

rFire   . . .      SeeInvis .   a - +0 hand axe
rCold   . . .      Faith    .   (no shield)
rNeg    + . .      Spirit   .   b - +0 leather armour
rPois   inf        Reflect  .   (no helmet)
rElec   +          Harm     .   (no cloak)
rCorr   .          Rampage  .   (no gloves)
Will    .....                   (no boots)
Stlth   +++.......              (no amulet)
HPRegen 0.06/turn               (no ring)
MPRegen 0.08/turn               (no ring)

@: no status effects
A: sickness immunity, AC +2, negative energy resistance 1, electricity
resistance, torment resistance 1, petrification resistance
a: no special abilities


You were on level 4 of the Dungeon.
You visited 1 branch of the dungeon, and saw 2 of its levels.


Innate Abilities, Weirdness & Mutations

You are immune to sickness and miasma.
Your stone body is resilient. (AC +2)
You are immune to poison.
You resist negative energy. (rN+)
You are resistant to electric shocks. (rElec)
You are resistant to unholy torment.
You are immune to petrification.


   Skills:
 - Level 3.2 Fighting
 + Level 2.5 Axes
 - Level 1.5 Dodging
 - Level 5.4 Stealth


You had one spell level left.
You didn't know any spells.
Your spell library was empty.

Inventory:

Hand Weapons
 a - a +0 hand axe (weapon)
Armour
 b - a +0 leather armour (worn)
 c - a +0 plate armour
Wands
 g - a wand of digging (3)
Scrolls
 e - 2 scrolls of silence {unknown}
Potions
 d - a potion of curing {unknown}
 f - a potion of haste

Dungeon Overview and Level Annotations

Branches:
Dungeon (5/15)
 Temple: D:4-7

Altars:


Message History

You hear an angry growl.
You hit the orc but do no damage.
The orc is almost dead.
The orc hits you but does no damage.
You hit the orc.
You kill the orc!
You hit the orc.
The orc is heavily wounded.
The orc hits you but does no damage.
You hit the orc.
You kill the orc!
The orc hits you but does no damage.
You closely miss the orc. The orc barely misses you.
You hit the orc.
The orc is moderately wounded.
The orc barely misses you.
You hit the orc.
You kill the orc!
You have reached level 2!
You hit the orc but do no damage. The orc barely misses you.
You slash the orc!
You kill the orc!
The black bear bites you but does no damage.
The black bear barely misses you. The black bear claws you.
You barely miss the black bear. The black bear bites you.
The black bear claws you but does no damage. x2
You barely miss the black bear. The black bear barely misses you.
The black bear closely misses you. The black bear misses you.
You barely miss the black bear. The black bear barely misses you.
The black bear claws you but does no damage.
The black bear claws you.
You slash the black bear!
The black bear is moderately wounded.
The black bear bites you.
You die...

.####<..## .....#.##
##..P .. .###.#.#
...PP..# .# #...#
...PP.$# .###.#.#
...PP..# .......#
#......# ##.###.##
#.......
#.##...##########...##
#.##.#.........@hg#..#
#.##...##########....#
#.###### #.....#.# ..#
#.#.....# #.#
#g......## #.#
..<#....... #.#
......### # #.#..o##
.....##


You could see a black bear and a goblin.

Vanquished Creatures
  5 orcs (D:4)
5 creatures vanquished.

Notes
Turn   | Place    | Note
-------+----------+-------------------------------------------
     0 | D:5      | qw the Gargoyle Delver began the quest for the Orb.
     0 | D:5      | Reached XP level 1. HP: 14/14 MP: 1/1
     0 | D:5      | 0 ||| qw: Version: 0.1-a-117-gfe26ee0
     0 | D:5      | 0 ||| qw: Game counter: 10055
     0 | D:5      | 0 ||| qw: Always use a shield: true
     0 | D:5      | 0 ||| qw: God list: Okawaru
     0 | D:5      | 0 ||| qw: Allow faded altars: false
     0 | D:5      | 0 ||| qw: Do Orc after D:15 true
     0 | D:5      | 0 ||| qw: Do second Lair branch before Depths: true
     0 | D:5      | 0 ||| qw: Lair rune preference: random
     0 | D:5      | 0 ||| qw: Plans: Normal
     0 | D:5      | 0 ||| PLANNING D:1-11
    13 | D:5      | 13 ||| DROPPING scroll of fog.
    14 | D:5      | 14 ||| DROPPING scroll of magic mapping.
    15 | D:5      | 15 ||| DROPPING scroll of fear.
    21 | D:4      | 21 ||| PLANNING SEWER
   110 | D:4      | 110 ||| Stepping ~*~*~tactically~*~*~ (hiding).
   111 | D:4      | 111 ||| Stepping ~*~*~tactically~*~*~ (hiding).
   112 | D:4      | 112 ||| Stepping ~*~*~tactically~*~*~ (hiding).
   113 | D:4      | 113 ||| Stepping ~*~*~tactically~*~*~ (hiding).
   115 | D:4      | 115 ||| Stepping ~*~*~tactically~*~*~ (stealth).
   124 | D:4      | Noticed a black bear
   133 | D:4      | Reached XP level 2. HP: 7/19 MP: 2/2
   135 | D:4      | HP: 3/19 [black bear (2)]
   138 | D:4      | Slain by a black bear

Levels and vault maps discovered:
D:4:      layout_loops_ring, trog_ov_bears_minmay, mainiacjoe_overflow_chevrons,
          portal_sewer_entry_a, minmay_misc_feat_square
D:5:      layout_loops_corners, gammafunk_ghost_stat_death,
          minmay_fractal_squares_diagonal_5

Skill      XL: |  1 |
---------------+----+-----
Axes           | 2 |  2.5
Fighting       | |  3.2
Dodging        | |  1.5
Stealth        | |  5.4

Action                   || total
-------------------------++-------
Melee: Hand axe          ||    24
Armor: Leather armour    ||     9
Dodge: Dodged            ||    12

Table legend:
 A = Non-vault XP
 B = Vault XP
 C = Vault XP percentage of total XP
 D = Non-vault monster count
 E = Vault monster count
 F = Vault count percentage of total count
                 A         B        C        D         E       F
            +---------+---------+-------+---------+---------+-------
      Total |      15 |       0 |   0.0 |       5 |       0 |   0.0
            +---------+---------+-------+---------+---------+-------
        D:4 |      15 |       0 |   0.0 |       5 |       0 |   0.0
            +---------+---------+-------+---------+---------+-------
